ATL
YORK REVOLUTION @ HIGH POINT ROCKERS
05/30/2072
 
TOP OF THE 1ST
Lancaster Barnstormers batting - Pitching for York Revolution : RHP Zack Seale
Pitching: RHP Zack Seale
Batting: LHB Jayden Nicholson 0-0: Ball
1-0: Fly out, F7 (Flyball, 7, EV 90.0 MPH)
Batting: RHB Oscar Mauras 0-0: Ground out 5-3 (Groundball, 56, EV 85.6 MPH)
Batting: RHB William Castillo 0-0: Called Strike
0-1: Called Strike
0-2: Ball
1-2: Strikes out swinging
Top of the 1st over - 0 runs, 0 hits, 0 errors, 0 left on base; Lancaster 0 - York 0
BOTTOM OF THE 1ST
York Revolution batting - Pitching for Lancaster Barnstormers : RHP Mike Mathis
Pitching: RHP Mike Mathis
Batting: RHB Jonathan Morales 0-0: Ball
1-0: Called Strike
1-1: Fly out, F7 (Flyball, 7, EV 88.8 MPH)
Batting: RHB Ryan Riley 0-0: Ball
1-0: Foul Ball, location: 2F
1-1: Ball
2-1: Called Strike
2-2: Foul Ball, location: 2F
2-2: Fly out, F8 (Flyball, 8LD, EV 93.8 MPH)
Batting: RHB Dan Malmstrom 0-0: SINGLE (Groundball, 6MS, EV 65.6 MPH) (infield hit)
Batting: RHB Nick Fields 0-0: Ball
1-0: Fly out, F8 (Flyball, 89M, EV 84.4 MPH)
Bottom of the 1st over - 0 runs, 1 hit, 0 errors, 1 left on base; Lancaster 0 - York 0
TOP OF THE 2ND
Lancaster Barnstormers batting - Pitching for York Revolution : RHP Zack Seale
Batting: RHB Keith Hankins 0-0: Called Strike
0-1: Ball
1-1: Ball
2-1: Ball
3-1: SINGLE (Groundball, 4D, EV 98.1 MPH)
Batting: SHB Mike Rivera 0-0: Ball
1-0: SINGLE (Flyball, 8RS, EV 98.8 MPH)
Keith Hankins to second
Runner from 2nd tries for 3rd, SAFE, throw by CF made to third
Batting: RHB Chris Thompson 0-0: Ball
1-0: Ball
2-0: Ball
3-0: Called Strike
3-1: Grounds into double play, 5-4-3 (Groundball, 56, EV 95.6 MPH)
Keith Hankins scores
Batting: SHB Travis Jarman 0-0: Ball
1-0: Called Strike
1-1: Called Strike
1-2: Fly out, F8 (Flyball, 8LXD, EV 89.4 MPH)
Top of the 2nd over - 1 run, 2 hits, 0 errors, 0 left on base; Lancaster 1 - York 0
BOTTOM OF THE 2ND
York Revolution batting - Pitching for Lancaster Barnstormers : RHP Mike Mathis
Batting: RHB Shane Attard 0-0: Ball
1-0: Ground out 6-3 (Groundball, 6M, EV 86.9 MPH)
Batting: LHB Billy Mondell 0-0: Ball
1-0: Ball
2-0: Fly out, F6 (Flyball, 56D, EV 94.4 MPH)
Batting: LHB Jake Duran 0-0: Called Strike
0-1: Called Strike
0-2: Ball
1-2: Strikes out swinging
Bottom of the 2nd over - 0 runs, 0 hits, 0 errors, 0 left on base; Lancaster 1 - York 0
TOP OF THE 3RD
Lancaster Barnstormers batting - Pitching for York Revolution : RHP Zack Seale
Batting: LHB Enrique Cruz 0-0: Ball
1-0: SINGLE (Flyball, 56D, EV 82.5 MPH)
Batting: RHB Wayne Barton 0-0: Called Strike
Enrique Cruz steals 2nd base
0-1: Ball
1-1: Fly out, F6 (Line Drive, 6, EV 71.2 MPH)
Batting: LHB Jayden Nicholson 0-0: Ball
1-0: Foul Ball, location: 2F
1-1: Foul Ball, location: 2F
1-2: Ball
2-2: Foul Ball, location: 2F
2-2: Foul Ball, location: 2F
2-2: Ball
Wild Pitch!
Enrique Cruz to third
3-2: Foul Ball, location: 2F
3-2: Foul Ball, location: 2F
3-2: Foul Ball, location: 2F
3-2: Foul Ball, location: 2F
3-2: 2-RUN HOME RUN (Flyball, 9LD, EV 100.6 MPH), Distance : 366 ft
Batting: RHB Oscar Mauras 0-0: Ball
1-0: Ball
2-0: Called Strike
2-1: Ball
3-1: Base on Balls
Batting: RHB William Castillo 0-0: Called Strike
0-1: Ball
1-1: Ball
2-1: Grounds into double play, 4-6-3 (Groundball, 4S, EV 89.4 MPH)
Top of the 3rd over - 2 runs, 2 hits, 0 errors, 0 left on base; Lancaster 3 - York 0
BOTTOM OF THE 3RD
York Revolution batting - Pitching for Lancaster Barnstormers : RHP Mike Mathis
Batting: RHB Rafael Aguillar 0-0: Fly out, F7 (Flyball, 78S, EV 85.6 MPH)
Batting: LHB Eddie Larracuente 0-0: SINGLE (Line Drive, 3D, EV 95.0 MPH)
Batting: RHB Jonathan Morales 0-0: Ball
1-0: Foul Ball, location: 2F
1-1: Foul Ball, location: 2F
1-2: Ball
2-2: Strikes out looking
Batting: RHB Ryan Riley 0-0: Foul Ball, location: 2F
0-1: Ball
1-1: Ground out 4-3 (Groundball, 4, EV 85.0 MPH)
Bottom of the 3rd over - 0 runs, 1 hit, 0 errors, 1 left on base; Lancaster 3 - York 0
TOP OF THE 4TH
Lancaster Barnstormers batting - Pitching for York Revolution : RHP Zack Seale
Batting: RHB Keith Hankins 0-0: Foul Ball, location: 2F
0-1: Called Strike
0-2: Fly out, F8 (Flyball, 8LD, EV 101.2 MPH)
Batting: SHB Mike Rivera 0-0: Fly out, F8 (Flyball, 8LM, EV 88.1 MPH)
Batting: RHB Chris Thompson 0-0: Called Strike
0-1: Foul Ball, location: 2F
0-2: Ball
1-2: Fly out, F3 (Popup, 3L, EV 53.8 MPH)
Top of the 4th over - 0 runs, 0 hits, 0 errors, 0 left on base; Lancaster 3 - York 0
BOTTOM OF THE 4TH
York Revolution batting - Pitching for Lancaster Barnstormers : RHP Mike Mathis
Batting: RHB Dan Malmstrom 0-0: Ball
1-0: Ball
2-0: Ball
3-0: Called Strike
3-1: Base on Balls
Batting: RHB Nick Fields 0-0: Ball
1-0: Called Strike
1-1: Fly out, F3 (Popup, 3S, EV 86.9 MPH)
Batting: RHB Shane Attard 0-0: Called Strike
0-1: Ball
1-1: Ball
2-1: 2-RUN HOME RUN (Flyball, 7LD, EV 96.2 MPH), Distance : 361 ft
Batting: LHB Billy Mondell 0-0: Called Strike
0-1: Ball
1-1: Foul Ball, location: 2F
1-2: Foul Ball, location: 2F
1-2: Strikes out swinging
Batting: LHB Jake Duran 0-0: Called Strike
0-1: Fly out, F3 (Popup, 34S, EV 63.8 MPH)
Bottom of the 4th over - 2 runs, 1 hit, 0 errors, 0 left on base; Lancaster 3 - York 2
TOP OF THE 5TH
Lancaster Barnstormers batting - Pitching for York Revolution : RHP Zack Seale
Batting: SHB Travis Jarman 0-0: Ball
1-0: Swinging Strike
1-1: Foul Ball, location: 2F
1-2: Fly out, F7 (Flyball, 7LM, EV 88.8 MPH)
Batting: LHB Enrique Cruz 0-0: Foul Ball, location: 2F
0-1: Ball
1-1: Foul Ball, location: 2F
1-2: Strikes out swinging
Batting: RHB Wayne Barton 0-0: Called Strike
0-1: Foul Ball, location: 2F
0-2: Ball
1-2: Ground out 5-3 (Groundball, 56S, EV 66.2 MPH)
Top of the 5th over - 0 runs, 0 hits, 0 errors, 0 left on base; Lancaster 3 - York 2
BOTTOM OF THE 5TH
York Revolution batting - Pitching for Lancaster Barnstormers : RHP Mike Mathis
Batting: RHB Rafael Aguillar 0-0: Ball
1-0: Ball
2-0: Called Strike
2-1: Called Strike
2-2: Foul Ball, location: 2F
2-2: Fly out, F9 (Flyball, 9D, EV 98.8 MPH)
Batting: LHB Eddie Larracuente 0-0: Foul Ball, location: 2F
0-1: Ball
1-1: Ball
2-1: Ball
3-1: Foul Ball, location: 2F
3-2: Strikes out looking
Batting: RHB Jonathan Morales 0-0: SINGLE (Line Drive, 7S, EV 99.4 MPH)
Batting: RHB Ryan Riley 0-0: Called Strike
0-1: Called Strike
0-2: Foul Ball, location: 2F
0-2: Ball
1-2: Ball
2-2: Strikes out swinging
Bottom of the 5th over - 0 runs, 1 hit, 0 errors, 1 left on base; Lancaster 3 - York 2
TOP OF THE 6TH
Lancaster Barnstormers batting - Pitching for York Revolution : RHP Zack Seale
Batting: LHB Jayden Nicholson 0-0: Ball
1-0: Foul Ball, location: 2F
1-1: SINGLE (Groundball, 5S, EV 64.4 MPH) (infield hit)
Batting: RHB Oscar Mauras 0-0: Called Strike
0-1: Ball
1-1: Foul Ball, location: 2F
1-2: Ball
2-2: Foul Ball, location: 2F
2-2: Strikes out swinging
Pitching: RHP Mike Gregory
Batting: RHB William Castillo 0-0: Foul Ball, location: 2F
0-1: Swinging Strike
0-2: Ball
1-2: Ball
2-2: Foul Ball, location: 2F
2-2: Fly out, F9 (Flyball, 9S, EV 95.0 MPH)
Batting: RHB Keith Hankins 0-0: Called Strike
0-1: Called Strike
0-2: SINGLE (Flyball, 89S, EV 86.9 MPH)
Jayden Nicholson to second
Runner from 2nd tries for 3rd, SAFE, throw by RF made to third
Batting: SHB Mike Rivera 0-0: Called Strike
0-1: Ground out 4-3 (Groundball, 34, EV 76.2 MPH)
Top of the 6th over - 0 runs, 2 hits, 0 errors, 2 left on base; Lancaster 3 - York 2
BOTTOM OF THE 6TH
York Revolution batting - Pitching for Lancaster Barnstormers : RHP Mike Mathis
Batting: RHB Dan Malmstrom 0-0: Ball
1-0: Swinging Strike
1-1: Ground out 6-3 (Groundball, 6M, EV 82.5 MPH)
Batting: RHB Nick Fields 0-0: Ball
1-0: Called Strike
1-1: Swinging Strike
1-2: Fly out, F8 (Flyball, 8RD, EV 103.8 MPH)
Batting: RHB Shane Attard 0-0: Foul Ball, location: 2F
0-1: Ground out 6-3 (Groundball, 6, EV 90.6 MPH)
Bottom of the 6th over - 0 runs, 0 hits, 0 errors, 0 left on base; Lancaster 3 - York 2
TOP OF THE 7TH
Lancaster Barnstormers batting - Pitching for York Revolution : RHP Mike Gregory
Batting: RHB Chris Thompson 0-0: Ball
1-0: Foul Ball, location: 2F
1-1: DOUBLE (Groundball, 5L, EV 97.5 MPH)
Batting: SHB Travis Jarman 0-0: Intentional Walk
Batting: LHB Enrique Cruz 0-0: Ball
1-0: Foul Ball, location: 2F
1-1: Foul Ball, location: 2F
1-2: Foul Ball, location: 2F
1-2: Ball
2-2: Strikes out looking
Batting: RHB Wayne Barton 0-0: Foul Ball, location: 2F
0-1: Foul Ball, location: 2F
0-2: Ball
1-2: SINGLE (Flyball, 56D, EV 88.8 MPH)
Chris Thompson to third
Travis Jarman to second
Batting: LHB Jayden Nicholson 0-0: Foul Ball, location: 2F
0-1: Ball
1-1: GRAND SLAM HOME RUN (Line Drive, 89XD, EV 100.6 MPH), Distance : 432 ft
Pitching: LHP Marty Locke
Batting: RHB Oscar Mauras 0-0: Ball
1-0: Foul Ball, location: 2F
1-1: Ball
2-1: Ball
3-1: Swinging Strike
3-2: Ground out 6-3 (Groundball, 6, EV 83.1 MPH)
Batting: RHB William Castillo 0-0: Ball
1-0: Called Strike
1-1: Called Strike
1-2: Strikes out swinging
Top of the 7th over - 4 runs, 3 hits, 0 errors, 0 left on base; Lancaster 7 - York 2
BOTTOM OF THE 7TH
York Revolution batting - Pitching for Lancaster Barnstormers : RHP Mike Mathis
Pitching: RHP Chase Powers
Batting: LHB Billy Mondell 0-0: Ball
1-0: Ball
2-0: Fly out, F5 (Popup, 5L, EV 63.8 MPH)
Batting: LHB Jake Duran 0-0: Ball
1-0: Called Strike
1-1: Ball
2-1: Foul Ball, location: 2F
2-2: Foul Ball, location: 2F
2-2: Strikes out looking
Batting: RHB Rafael Aguillar 0-0: Ball
1-0: Ball
2-0: Foul Ball, location: 2F
2-1: Swinging Strike
2-2: Strikes out swinging
Bottom of the 7th over - 0 runs, 0 hits, 0 errors, 0 left on base; Lancaster 7 - York 2
TOP OF THE 8TH
Lancaster Barnstormers batting - Pitching for York Revolution : LHP Marty Locke
Batting: RHB Keith Hankins 0-0: Called Strike
0-1: SINGLE (Line Drive, 78S, EV 103.8 MPH)
Batting: SHB Mike Rivera 0-0: Ball
1-0: Foul Ball, location: 2F
1-1: Ball
2-1: Fly out, F3 (Popup, 3L, EV 56.2 MPH)
Batting: RHB Chris Thompson 0-0: Swinging Strike
0-1: Foul Ball, location: 2F
0-2: Strikes out swinging
Batting: SHB Travis Jarman 0-0: Swinging Strike
0-1: Called Strike
0-2: Ball
1-2: Strikes out swinging
Top of the 8th over - 0 runs, 1 hit, 0 errors, 1 left on base; Lancaster 7 - York 2
BOTTOM OF THE 8TH
York Revolution batting - Pitching for Lancaster Barnstormers : RHP Chase Powers
Batting: LHB Eddie Larracuente 0-0: Ball
1-0: Called Strike
1-1: Foul Ball, location: 2F
1-2: Ball
2-2: Ball
3-2: Foul Ball, location: 2F
3-2: Strikes out looking
Batting: RHB Jonathan Morales 0-0: Ball
1-0: Ball
2-0: Called Strike
2-1: Called Strike
2-2: Strikes out swinging
Batting: RHB Ryan Riley 0-0: Fly out, F8 (Flyball, 8LD, EV 104.4 MPH)
Bottom of the 8th over - 0 runs, 0 hits, 0 errors, 0 left on base; Lancaster 7 - York 2
TOP OF THE 9TH
Lancaster Barnstormers batting - Pitching for York Revolution : LHP Marty Locke
Batting: LHB Enrique Cruz 0-0: Foul Ball, location: 2F
0-1: Ball
1-1: Ball
2-1: Ball
3-1: Fly out, F7 (Flyball, 7S, EV 71.9 MPH)
Batting: RHB Wayne Barton 0-0: Fly out, F7 (Flyball, 78M, EV 80.6 MPH)
Batting: LHB Jayden Nicholson 0-0: Ball
1-0: Ball
2-0: Called Strike
2-1: Swinging Strike
2-2: Strikes out swinging
Top of the 9th over - 0 runs, 0 hits, 0 errors, 0 left on base; Lancaster 7 - York 2
BOTTOM OF THE 9TH
York Revolution batting - Pitching for Lancaster Barnstormers : RHP Chase Powers
Batting: RHB Dan Malmstrom 0-0: Ball
1-0: Foul Ball, location: 2F
1-1: Fly out, F9 (Flyball, 89D, EV 101.2 MPH)
Batting: RHB Nick Fields 0-0: Ball
1-0: Foul Ball, location: 2F
1-1: Ground out 3-1 (Groundball, 34, EV 91.9 MPH)
Batting: RHB Shane Attard 0-0: Fly out, F3 (Popup, 3SF, EV 85.0 MPH)
Bottom of the 9th over - 0 runs, 0 hits, 0 errors, 0 left on base; Lancaster 7 - York 2
Saturday, October 23rd , 2021 - OOTP Baseball 22.10 Build 79